| TOP OF THE 1ST |
|
Paris Cubs batting - Pitching for New Jersey Devils : LHP Jared Deckard
|
|
Pitching: LHP Jared Deckard
|
|
|
Batting: RHB Andy Huntley
|
0-0: Called Strike 0-1: Ball 1-1: Called Strike 1-2: Strikes out swinging
|
|
Batting: RHB Leonardo Nava
|
0-0: Called Strike 0-1: Foul Ball, location: 2F 0-2: Ball 1-2: Ball 2-2: Ball 3-2: Base on Balls
|
|
Batting: RHB Ricardo Aguinaga
|
0-0: Called Strike 0-1: Foul Ball, location: 2F 0-2: Ball 1-2: Ball 2-2: Foul Ball, location: 2F 2-2: DOUBLE (Line Drive, 7LM, EV 107.5 MPH) Leonardo Nava to third Runner from 3rd tries for Home, SAFE, throw by LF to home
|
|
Batting: RHB Sam Sours
|
0-0: Ball 1-0: Ball 2-0: Ground out U3 (Groundball, 3, EV 86.3 MPH) Ricardo Aguinaga to third
|
|
Batting: RHB David Barnard
|
0-0: Foul Ball, location: 2F 0-1: Foul Ball, location: 2F 0-2: Ball 1-2: Strikes out looking
|
| Top of the 1st over - 1 run, 1 hit, 0 errors, 1 left on base; Paris 1 - New Jersey 0 |
| BOTTOM OF THE 1ST |
|
New Jersey Devils batting - Pitching for Paris Cubs : RHP Roberto Cruz
|
|
Pitching: RHP Roberto Cruz
|
|
|
Batting: RHB Larry Shoop
|
0-0: Ball 1-0: Ground out 4-3 (Groundball, 34D, EV 106.3 MPH)
|
|
Batting: LHB Bayesa Mundhir
|
0-0: Called Strike 0-1: DOUBLE (Line Drive, 3D, EV 97.5 MPH)
|
|
Batting: RHB Bobby Coulombe
|
0-0: Swinging Strike 0-1: Ball 1-1: Ball 2-1: Swinging Strike 2-2: Foul Ball, location: 2F 2-2: Strikes out swinging
|
|
Batting: RHB Gang-sheng Chew
|
0-0: 2-RUN HOME RUN (Flyball, 8RXD, EV 116.9 MPH), Distance : 461 ft
|
|
Batting: RHB Chris Artz
|
0-0: Foul Ball, location: 2F 0-1: Foul Ball, location: 2F 0-2: Ball 1-2: Fly out, F3 (Popup, 34S, EV 75.6 MPH)
|
| Bottom of the 1st over - 2 runs, 2 hits, 0 errors, 0 left on base; Paris 1 - New Jersey 2 |
| TOP OF THE 2ND |
|
Paris Cubs batting - Pitching for New Jersey Devils : LHP Jared Deckard
|
|
Batting: RHB Ryan Bush
|
0-0: Called Strike 0-1: Ball 1-1: Called Strike 1-2: Strikes out swinging
|
|
Batting: RHB Khalil Stephens
|
0-0: Foul Ball, location: 2F 0-1: Ball 1-1: Ground out 6-3 (Groundball, 6, EV 101.9 MPH)
|
|
Batting: RHB Jose Sanchez
|
0-0: Called Strike 0-1: SINGLE (Groundball, 34D, EV 108.8 MPH)
|
|
Batting: RHB Jerry Blas
|
0-0: Called Strike 0-1: Ball 1-1: SINGLE (Groundball, 6MD, EV 101.3 MPH) Jose Sanchez to second
|
|
Batting: RHB Andy Huntley
|
0-0: Swinging Strike 0-1: Called Strike 0-2: Ball 1-2: Foul Ball, location: 2F 1-2: Ball 2-2: Strikes out swinging, 2-3 out at first.
|
| Top of the 2nd over - 0 runs, 2 hits, 0 errors, 2 left on base; Paris 1 - New Jersey 2 |
| BOTTOM OF THE 2ND |
|
New Jersey Devils batting - Pitching for Paris Cubs : RHP Roberto Cruz
|
|
Batting: LHB Matt Baker
|
0-0: Ball 1-0: Ball 2-0: Fly out, F7 (Flyball, 78M, EV 76.3 MPH)
|
|
Batting: RHB Brian Bonin
|
0-0: Foul Ball, location: 2F 0-1: Ground out 6-3 (Groundball, 6, EV 93.1 MPH)
|
|
Batting: SHB Jerry Burrows
|
0-0: Ball 1-0: Ball 2-0: Foul Ball, location: 2F 2-1: Swinging Strike 2-2: Ball 3-2: Foul Ball, location: 2F 3-2: Ground out U3 (Groundball, 34, EV 81.3 MPH)
|
| Bottom of the 2nd over - 0 runs, 0 hits, 0 errors, 0 left on base; Paris 1 - New Jersey 2 |
| TOP OF THE 3RD |
|
Paris Cubs batting - Pitching for New Jersey Devils : LHP Jared Deckard
|
|
Batting: RHB Leonardo Nava
|
0-0: Ball 1-0: Ball 2-0: Called Strike 2-1: Called Strike 2-2: Foul Ball, location: 2F 2-2: Foul Ball, location: 2F 2-2: Foul Ball, location: 2F 2-2: Foul Ball, location: 2F 2-2: Strikes out looking
|
|
Batting: RHB Ricardo Aguinaga
|
0-0: Ball 1-0: Ball 2-0: Called Strike 2-1: Ball 3-1: Base on Balls
|
|
Batting: RHB Sam Sours
|
0-0: Fly out, F6 (Flyball, 56D, EV 74.4 MPH)
|
|
Batting: RHB David Barnard
|
0-0: Foul Ball, location: 2F 0-1: Ball 1-1: Swinging Strike 1-2: SINGLE (Line Drive, 6M, EV 96.3 MPH) Ricardo Aguinaga to second
|
|
Batting: RHB Ryan Bush
|
0-0: Called Strike 0-1: Ball 1-1: Fly out, F8 (Flyball, 8LXD, EV 99.4 MPH)
|
| Top of the 3rd over - 0 runs, 1 hit, 0 errors, 2 left on base; Paris 1 - New Jersey 2 |
| BOTTOM OF THE 3RD |
|
New Jersey Devils batting - Pitching for Paris Cubs : RHP Roberto Cruz
|
|
Batting: RHB Mike Hanks
|
0-0: Ball 1-0: Ball 2-0: Fly out, F8 (Flyball, 8LS, EV 90.6 MPH)
|
|
Batting: RHB Larry Shoop
|
0-0: Called Strike 0-1: Fly out, F9 (Flyball, 9S, EV 84.4 MPH)
|
|
Batting: LHB Bayesa Mundhir
|
0-0: Called Strike 0-1: SINGLE (Line Drive, 78S, EV 111.3 MPH)
|
|
Batting: RHB Bobby Coulombe
|
0-0: Called Strike 0-1: 2-RUN HOME RUN (Flyball, 78XD, EV 108.1 MPH), Distance : 424 ft
|
|
Batting: RHB Gang-sheng Chew
|
0-0: Ball 1-0: Ball 2-0: Called Strike 2-1: Ground out 6-3 (Groundball, 6MD, EV 93.8 MPH)
|
| Bottom of the 3rd over - 2 runs, 2 hits, 0 errors, 0 left on base; Paris 1 - New Jersey 4 |
| TOP OF THE 4TH |
|
Paris Cubs batting - Pitching for New Jersey Devils : LHP Jared Deckard
|
|
Batting: RHB Khalil Stephens
|
0-0: SINGLE (Groundball, 4M, EV 104.4 MPH) (infield hit)
|
|
Batting: RHB Jose Sanchez
|
0-0: Ball 1-0: Ball 2-0: Ball 3-0: Base on Balls Khalil Stephens to second
|
|
Batting: RHB Jerry Blas
|
0-0: Called Strike 0-1: Ball 1-1: SINGLE (Line Drive, 34, EV 95.0 MPH) Khalil Stephens to third Jose Sanchez to second
|
|
Batting: RHB Andy Huntley
|
0-0: Ball 1-0: Ball 2-0: Fly out, F8 (Flyball, 8RM, EV 91.9 MPH) Runner from 3rd tags up, SCORES, throw by CF
|
|
Batting: RHB Leonardo Nava
|
0-0: Swinging Strike 0-1: Foul Ball, location: 2F 0-2: Strikes out swinging
|
|
Batting: RHB Ricardo Aguinaga
|
0-0: Called Strike 0-1: Swinging Strike 0-2: Ball 1-2: Foul Ball, location: 2F 1-2: Ball 2-2: Strikes out looking
|
| Top of the 4th over - 1 run, 2 hits, 0 errors, 2 left on base; Paris 2 - New Jersey 4 |
| BOTTOM OF THE 4TH |
|
New Jersey Devils batting - Pitching for Paris Cubs : RHP Roberto Cruz
|
|
Batting: RHB Chris Artz
|
0-0: Foul Ball, location: 2F 0-1: Ball 1-1: SINGLE (Line Drive, 56D, EV 96.9 MPH)
|
|
Batting: LHB Matt Baker
|
0-0: Fielders Choice at 2nd, 5-4 (Groundball, 5, EV 90.0 MPH)
|
|
Batting: RHB Brian Bonin
|
0-0: Called Strike 0-1: Foul Ball, location: 2F 0-2: Ball 1-2: Foul Ball, location: 2F 1-2: Strikes out swinging
|
|
Pitching: LHP Jose Urena
|
|
|
Batting: SHB Jerry Burrows
|
0-0: Ball 1-0: Ball 2-0: Ground out 5-3 (Groundball, 56S, EV 63.8 MPH)
|
| Bottom of the 4th over - 0 runs, 1 hit, 0 errors, 1 left on base; Paris 2 - New Jersey 4 |
| TOP OF THE 5TH |
|
Paris Cubs batting - Pitching for New Jersey Devils : LHP Jared Deckard
|
|
Batting: RHB Sam Sours
|
0-0: Called Strike 0-1: Foul Ball, location: 2F 0-2: SINGLE (Line Drive, 6MD, EV 95.6 MPH)
|
|
Batting: RHB David Barnard
|
0-0: Ball 1-0: Called Strike 1-1: Ball 2-1: Fly out, F9 (Flyball, 9S, EV 86.3 MPH)
|
|
Batting: RHB Ryan Bush
|
0-0: Ball 1-0: Ball 2-0: Ball 3-0: Called Strike 3-1: Swinging Strike 3-2: Base on Balls Sam Sours to second
|
|
Batting: RHB Khalil Stephens
|
0-0: Ball Wild Pitch! Sam Sours to third Ryan Bush to second 1-0: Called Strike 1-1: Ball 2-1: Ball 3-1: Base on Balls
|
|
Batting: RHB Jose Sanchez
|
0-0: Ball 1-0: Called Strike 1-1: Called Strike 1-2: Strikes out looking
|
|
Batting: RHB Jerry Blas
|
0-0: Ball 1-0: Called Strike 1-1: Ball 2-1: Fielders Choice at 2nd, 6-4 (Groundball, 6, EV 100.6 MPH)
|
| Top of the 5th over - 0 runs, 1 hit, 0 errors, 3 left on base; Paris 2 - New Jersey 4 |
| BOTTOM OF THE 5TH |
|
New Jersey Devils batting - Pitching for Paris Cubs : LHP Jose Urena
|
|
Batting: RHB Mike Hanks
|
0-0: Fly out, F9 (Flyball, 89D, EV 99.4 MPH)
|
|
Batting: RHB Larry Shoop
|
0-0: Ball 1-0: Called Strike 1-1: Called Strike 1-2: Foul Ball, location: 2F 1-2: Foul Ball, location: 2F 1-2: Ball 2-2: Foul Ball, location: 2F 2-2: Ball 3-2: Foul Ball, location: 2F 3-2: Fly out, F7 (Line Drive, 7, EV 96.3 MPH)
|
|
Batting: LHB Bayesa Mundhir
|
0-0: Swinging Strike 0-1: Ball 1-1: Swinging Strike 1-2: Strikes out swinging
|
| Bottom of the 5th over - 0 runs, 0 hits, 0 errors, 0 left on base; Paris 2 - New Jersey 4 |
| TOP OF THE 6TH |
|
Paris Cubs batting - Pitching for New Jersey Devils : LHP Jared Deckard
|
|
Pitching: LHP Dan Bremseth
|
|
|
Batting: RHB Andy Huntley
|
0-0: Ball 1-0: Ball 2-0: Foul Ball, location: 2F 2-1: Foul Ball, location: 2F 2-2: Foul Ball, location: 2F 2-2: Strikes out looking
|
|
Batting: RHB Leonardo Nava
|
0-0: Foul Ball, location: 2F 0-1: Ball 1-1: Swinging Strike 1-2: Strikes out looking
|
|
Batting: RHB Ricardo Aguinaga
|
0-0: Ball 1-0: Ground out 5-3 (Groundball, 56, EV 102.5 MPH)
|
| Top of the 6th over - 0 runs, 0 hits, 0 errors, 0 left on base; Paris 2 - New Jersey 4 |
| BOTTOM OF THE 6TH |
|
New Jersey Devils batting - Pitching for Paris Cubs : LHP Jose Urena
|
|
Pitching: RHP Ryohei Uda
|
|
|
Batting: RHB Bobby Coulombe
|
0-0: Ground out 4-3 (Groundball, 4, EV 85.0 MPH)
|
|
Batting: RHB Gang-sheng Chew
|
0-0: Ball 1-0: SOLO HOME RUN (Flyball, 7D, EV 98.8 MPH), Distance : 370 ft
|
|
Batting: RHB Chris Artz
|
0-0: Called Strike 0-1: Ball 1-1: Called Strike 1-2: Strikes out looking
|
|
Batting: LHB Matt Baker
|
0-0: Ball 1-0: Ground out 1-3 (Groundball, 34S, EV 71.3 MPH)
|
| Bottom of the 6th over - 1 run, 1 hit, 0 errors, 0 left on base; Paris 2 - New Jersey 5 |
| TOP OF THE 7TH |
|
Paris Cubs batting - Pitching for New Jersey Devils : LHP Dan Bremseth
|
|
Batting: RHB Sam Sours
|
0-0: Ball 1-0: Ball 2-0: Called Strike 2-1: SOLO HOME RUN (Flyball, 7LD, EV 95.6 MPH), Distance : 371 ft
|
|
Batting: RHB David Barnard
|
0-0: Swinging Strike 0-1: TRIPLE (Flyball, 8RXD, EV 95.6 MPH)
|
|
Batting: RHB Ryan Bush
|
0-0: Ball 1-0: Ball 2-0: Ball 3-0: Base on Balls
|
|
Batting: RHB Khalil Stephens
|
0-0: Ball 1-0: Ball 2-0: Called Strike 2-1: Ball 3-1: Base on Balls Ryan Bush to second
|
|
Batting: RHB Jose Sanchez
|
0-0: Ball 1-0: Ball 2-0: Swinging Strike 2-1: Ball 3-1: Called Strike 3-2: Base on Balls David Barnard scores Ryan Bush to third Khalil Stephens to second
|
|
Batting: RHB Jerry Blas
|
0-0: Ball 1-0: Ball 2-0: Called Strike 2-1: GRAND SLAM HOME RUN (Flyball, 7D, EV 98.1 MPH), Distance : 368 ft
|
|
Pitching: RHP Jason Jones
|
|
|
Batting: RHB Andy Huntley
|
0-0: Called Strike 0-1: Swinging Strike 0-2: Ball 1-2: Strikes out swinging
|
|
Batting: RHB Leonardo Nava
|
0-0: Foul Ball, location: 2F 0-1: Foul Ball, location: 2F 0-2: SINGLE (Groundball, 6S, EV 63.1 MPH) (infield hit)
|
|
Batting: RHB Ricardo Aguinaga
|
0-0: Swinging Strike 0-1: DOUBLE (Line Drive, 78XD, EV 104.4 MPH) Leonardo Nava to third
|
|
Batting: RHB Sam Sours
|
0-0: Foul Ball, location: 2F 0-1: Fly out, F9 (Flyball, 89D, EV 98.8 MPH) Runner from 3rd tags up, SCORES, throw by RF Ricardo Aguinaga to third
|
|
Batting: RHB David Barnard
|
0-0: Hit by Pitch
|
|
Batting: RHB Ryan Bush
|
0-0: Called Strike 0-1: Foul Ball, location: 2F 0-2: Ball 1-2: SINGLE (Flyball, 34D, EV 86.3 MPH) Ricardo Aguinaga scores David Barnard to second Runner from 2nd tries for 3rd, SAFE, throw by RF made to third
|
|
Batting: RHB Khalil Stephens
|
0-0: Ball 1-0: Called Strike 1-1: Ball 2-1: Fly out, F8 (Line Drive, 8RM, EV 92.5 MPH)
|
| Top of the 7th over - 8 runs, 6 hits, 0 errors, 2 left on base; Paris 10 - New Jersey 5 |
| BOTTOM OF THE 7TH |
|
New Jersey Devils batting - Pitching for Paris Cubs : RHP Ryohei Uda
|
|
Batting: RHB Brian Bonin
|
0-0: Called Strike 0-1: Ball 1-1: Swinging Strike 1-2: Ball 2-2: Ball 3-2: Base on Balls
|
|
Batting: SHB Jerry Burrows
|
0-0: Called Strike 0-1: SINGLE (Line Drive, 56D, EV 103.8 MPH) Brian Bonin to second
|
|
Batting: RHB Mike Hanks
|
0-0: Ball 1-0: DOUBLE (Line Drive, 5D, EV 100.0 MPH) Brian Bonin scores Jerry Burrows to third Runner from 3rd tries for Home, SAFE, throw by LF to home
|
|
Pitching: RHP Nicolai Volnov
|
|
|
Batting: RHB Larry Shoop
|
0-0: Foul Ball, location: 2F 0-1: Ball 1-1: Called Strike 1-2: TRIPLE (Flyball, 9D, EV 95.0 MPH) Mike Hanks scores
|
|
Batting: LHB Bayesa Mundhir
|
0-0: 2-RUN HOME RUN (Flyball, 89XD, EV 104.4 MPH), Distance : 407 ft
|
|
Batting: RHB Bobby Coulombe
|
0-0: Ball 1-0: Called Strike 1-1: Swinging Strike 1-2: DOUBLE (Line Drive, 89D, EV 111.9 MPH)
|
|
Batting: RHB Gang-sheng Chew
|
0-0: Intentional Walk
|
|
Batting: RHB Chris Artz
|
0-0: Foul Ball, location: 2F 0-1: Foul Ball, location: 2F 0-2: Strikes out swinging
|
|
Batting: LHB Matt Baker
|
0-0: Ball 1-0: Swinging Strike 1-1: Ball 2-1: Ball 3-1: Base on Balls Bobby Coulombe to third Gang-sheng Chew to second
|
|
Batting: RHB Brian Bonin
|
0-0: Foul Ball, location: 2F 0-1: Ball 1-1: Ball 2-1: Foul Ball, location: 2F 2-2: Foul Ball, location: 2F 2-2: Ball 3-2: SINGLE (Groundball, 6M, EV 100.6 MPH) Bobby Coulombe scores Gang-sheng Chew to third Matt Baker to second
|
|
Pitching: RHP Bogdan Sdobnyakov
|
|
|
Batting: SHB Jerry Burrows
|
0-0: Called Strike 0-1: Ball 1-1: Grounds into double play, 4-2-3 (Groundball, 4, EV 80.6 MPH)
|
| Bottom of the 7th over - 6 runs, 6 hits, 0 errors, 2 left on base; Paris 10 - New Jersey 11 |
| TOP OF THE 8TH |
|
Paris Cubs batting - Pitching for New Jersey Devils : RHP Jason Jones
|
|
Batting: RHB Jose Sanchez
|
0-0: Ball 1-0: Foul Ball, location: 2F 1-1: Foul Ball, location: 2F 1-2: Foul Ball, location: 2F 1-2: Foul Ball, location: 2F 1-2: Ball 2-2: Ball 3-2: Foul Ball, location: 2F 3-2: SINGLE (Line Drive, 78M, EV 94.4 MPH)
|
|
Pitching: RHP Thomas Clark
|
|
|
Batting: RHB Jerry Blas
|
0-0: Foul Ball, location: 2F 0-1: Called Strike 0-2: Ball Wild Pitch! Jose Sanchez to second 1-2: Ball 2-2: Strikes out swinging
|
|
Batting: RHB Andy Huntley
|
0-0: Ball 1-0: Called Strike 1-1: Ball 2-1: Ball 3-1: Base on Balls
|
|
Batting: RHB Leonardo Nava
|
0-0: Called Strike 0-1: Ball 1-1: Fly out, F9 (Line Drive, 89M, EV 91.9 MPH)
|
|
Batting: RHB Ricardo Aguinaga
|
0-0: Swinging Strike 0-1: Swinging Strike 0-2: Strikes out looking
|
| Top of the 8th over - 0 runs, 1 hit, 0 errors, 2 left on base; Paris 10 - New Jersey 11 |
| BOTTOM OF THE 8TH |
|
New Jersey Devils batting - Pitching for Paris Cubs : RHP Bogdan Sdobnyakov
|
|
Batting: RHB Mike Hanks
|
0-0: Ground out 4-3 (Groundball, 4, EV 83.1 MPH)
|
|
Batting: RHB Larry Shoop
|
0-0: Called Strike 0-1: Foul Ball, location: 2F 0-2: DOUBLE (Flyball, 8RXD, EV 103.1 MPH)
|
|
Batting: LHB Bayesa Mundhir
|
0-0: Ball 1-0: Called Strike 1-1: Ball 2-1: Called Strike 2-2: Strikes out looking
|
|
Batting: RHB Bobby Coulombe
|
0-0: Swinging Strike 0-1: Ball 1-1: SINGLE (Groundball, 5D, EV 102.5 MPH) Larry Shoop to third Runner from 3rd tries for Home, SAFE, throw by LF to home Bobby Coulombe to second
|
|
Batting: RHB Gang-sheng Chew
|
0-0: Intentional Walk
|
|
Batting: RHB Chris Artz
|
0-0: Fly out, F9 (Flyball, 9D, EV 78.8 MPH)
|
| Bottom of the 8th over - 1 run, 2 hits, 0 errors, 2 left on base; Paris 10 - New Jersey 12 |
| TOP OF THE 9TH |
|
Paris Cubs batting - Pitching for New Jersey Devils : RHP Thomas Clark
|
|
Pitching: RHP Jose Lara
|
|
|
Now at 2B: Nick Daigle
|
|
|
Batting: RHB Sam Sours
|
0-0: Called Strike 0-1: Ball 1-1: Swinging Strike 1-2: Ball 2-2: Strikes out swinging
|
|
Batting: RHB David Barnard
|
0-0: Called Strike 0-1: Fly out, F7 (Flyball, 7LD, EV 104.4 MPH)
|
|
Batting: RHB Ryan Bush
|
0-0: Ball 1-0: Called Strike 1-1: Ball 2-1: Ground out 5-3 (Groundball, 56, EV 104.4 MPH)
|
| Top of the 9th over - 0 runs, 0 hits, 0 errors, 0 left on base; Paris 10 - New Jersey 12 |
|